 Dungeon Crawl Stone Soup version 0.31-a0-868-g674d60d6f7 (webtiles) character file.

Game seed: 6035914971292824790

1658 ytrimaz the Covert (level 9, -7/53 HPs)
             Began as an Octopode Shapeshifter on Oct 11, 2023.
             Was an Initiate of Ashenzari.
             Mangled by an orc warrior
             ... wielding a +0 scimitar
              (18 damage)
             ... on level 6 of the Dungeon.
             The game lasted 00:07:29 (5030 turns).

ytrimaz the Covert (Octopode Shapeshifter)          Turns: 5030, Time: 00:07:30

Health: -7/53      AC:  1    Str: 14    XL:     9   Next: 0%
Magic:  0/9        EV: 13    Int: 12    God:    Ashenzari [......]
Gold:   185        SH:  0    Dex: 15    Spells: 8/8 levels left

rFire   . .          .
                       - Unarmed
rCold   . . .        (no shield)
rNeg    . . .        (helmet currently unavailable)
rPois   .            q - amulet "Soothsayer of Ashenzari" {Spirit, Self, Melee} (curse)
rElec   .            (no ring)
rCorr   .            (no ring)
SInv    .            (no ring)
Will    .....        (no ring)
Stlth   ++++++       (no ring)
HPRegen 0.28/turn    (no ring)
MPRegen 0.11/turn    (no ring)
                     (no ring)

%: guardian spirit
@: beast-form
A: beast (slay +1), almost no armour, amphibious, 8 rings, camouflage 1,
gelatinous body 1, (nimble swimmer 1), tentacles
a: Begin Untransformation, Renounce Religion, Curse Item, Shatter the Chains


You were on level 6 of the Dungeon.
You worshipped Ashenzari.
Ashenzari was noncommittal.
You were a hulking beast.
You visited 1 branch of the dungeon, and saw 6 of its levels.

You collected 269 gold pieces.
You spent 84 gold pieces at shops.


Innate Abilities, Weirdness & Mutations

You are a hulking beast.
Your limbs bulge with bestial killing power. (Slay +1)
You cannot wear most types of armour.
You are amphibious.
You can wear up to eight rings at the same time.
Your skin changes colour to match your surroundings (Stealth+).
Your rubbery body absorbs attacks. (AC +1, EV +1)
((You are camouflaged when in or above water. (Stealth+)))
You have tentacles for arms and can constrict up to eight enemies at once.


   Skills:
 - Level 1.0(1.2) Fighting
 - Level 2.0 Dodging
 + Level 13.0 Stealth
 - Level 6.6(7.0) Unarmed Combat
 - Level 3.0 Shapeshifting


You had 8 spell levels left.
You didn't know any spells.
Your spell library contained the following spells:

 Spells                   Type           Power      Damage    Failure   Level
 Summon Guardian Golem    Hex/Summ       0%         N/A       69%         3
 Orb of Destruction       Conj           0%         9d5       100%        7
 Spellforged Servitor     Conj/Summ      0%         N/A       100%        7

Inventory:

Jewellery
 q - the cursed amulet "Soothsayer of Ashenzari" (around mantle) {Spirit, Self, Melee}
   (You found it on level 4 of the Dungeon)

   [amulet of guardian spirit]

   Spirit:    It causes incoming damage to be divided between your reserves of
   health and magic.
   It has a curse which improves the following skills: Introspection: Fighting
   and Spellcasting.
   Melee Combat: Short Blades, Long Blades, Axes, Maces & Flails, Polearms,
   Staves and Unarmed Combat.
Talismans
 b - a beast talisman (active)
 c - a flux talisman
Wands
 r - a wand of polymorph (1)
   (You found it on level 5 of the Dungeon)
Scrolls
 d - 2 scrolls of noise
 i - a scroll of silence
 j - a scroll of teleportation
 k - 3 scrolls of vulnerability
 l - a scroll of identify
 s - 3 scrolls of poison {unknown}
Potions
 a - 2 potions of attraction {unknown}
 e - 2 potions of mutation
 f - 2 potions of curing
 g - a potion of berserk rage
 m - a potion of haste
 n - a potion of heal wounds {unknown}
 p - a potion of brilliance {unknown}

Dungeon Overview and Level Annotations

Branches:
Dungeon (6/15) Zot: 25893  Temple (0/1) D:4

Altars:
Ashenzari
Vehumet
Xom

Shops:
D:3 ?   D:4 ?

Annotations:
D:5 1 runed translucent door, bahustanut's ghost, novice OpSh

### #.######
#......###########
#..###...........# ##..#
####.#.#.##..# #...#
######.# #..## #.#h#.##
#..# ##o#.## ##.## #Y####
### #..# ##)# #.## ###
###..# o# #..# #.. ##....#
######oo #..# #..
......####....######## #..#
##..
.......##............###.##
##...
####...#...............#.#
##....


You could see a yak and an orc warrior.


Message History

You tentacle-slap the orc but do no damage.
You constrict the orc.
You kill the orc! 😎 HP[+1]
Your hp is fully restored (53).
You tentacle-slap the orc warrior but do no damage.
Your grab misses the orc warrior. Your squeeze misses the orc warrior.
A yak comes into view.
The orc warrior hits you with a +0 scimitar! 😕 HP[-11] MP[-2]
You take 11 damage, and now have 42/53 hp.
MASSIVE DAMAGE!! (PAUSE)
You lost 2 mp, and now have 7/9 mp.
You tentacle-slap the orc warrior but do no damage.
You grab the orc warrior.
You squeeze the orc warrior, but do no damage.
You constrict the orc warrior, but do no damage.
The orc warrior misses you.
You tentacle-slap the orc warrior but do no damage.
You constrict the orc warrior, but do no damage.
You tentacle-slap the orc warrior but do no damage.
You constrict the orc warrior, but do no damage.
The orc priest casts a cantrip, but nothing happens.
The orc warrior hits you with a +0 scimitar!!
* * * LOW HITPOINT WARNING * * *
😨 HP[-16] MP[-2]
You take 16 damage, and now have 26/53 hp.
MASSIVE DAMAGE!! (PAUSE)
You lost 2 mp, and now have 5/9 mp.
You tentacle-slap the orc warrior.
You constrict the orc warrior, but do no damage.
The orc priest looks encouraged for a moment.
The orc warrior hits you with a +0 scimitar!
* * * LOW HITPOINT WARNING * * *
You are too injured to fight recklessly! 😨 HP[-9] MP[-2]
You take 9 damage, and now have 17/53 hp.
You lost 2 mp, and now have 3/9 mp.
You tentacle-slap the orc warrior but do no damage.
Your squeeze misses the orc warrior. You constrict the orc warrior.
The orc warrior hits you with a +0 scimitar.
* * * LOW HITPOINT WARNING * * *
You are too injured to fight recklessly! 😱 HP[-4]
You take 4 damage, and now have 13/53 hp.
You tentacle-slap the orc warrior but do no damage.
You tentacle-slap the orc warrior, but do no damage.
You squeeze the orc warrior, but do no damage.
You constrict the orc warrior, but do no damage.
The orc warrior barely misses you.
Unknown command.
You are too injured to fight recklessly!
Unknown command.
You release your grip on the orc warrior.
Unknown command.
You are confused.
You feel invigorated.
The orc warrior hits you with a +0 scimitar!
* * * LOW HITPOINT WARNING * * *
😱 MP[+2]
You regained 2 mp, and now have 5/9 mp.
Unknown command.
Unknown command. 😨 HP[+5] MP[+3]
You regained 5 hp, and now have 18/53 hp.
You regained 3 mp, and now have 8/9 mp.
You tentacle-slap the orc warrior.
The orc warrior hits you with a +0 scimitar!
* * * LOW HITPOINT WARNING * * *
😱 HP[-9] MP[-4]
You take 9 damage, and now have 9/53 hp.
You lost 4 mp, and now have 4/9 mp.
Unknown command.
You barely miss the orc warrior.
The orc warrior hits you with a +0 scimitar!
* * * LOW HITPOINT WARNING * * *
😱 HP[-2] MP[-1]
You take 2 damage, and now have 7/53 hp.
You lost 1 mp, and now have 3/9 mp.
You bump into the rock wall.
The orc warrior barely misses you. 😱 HP[+4] MP[+5]
You regained 4 hp, and now have 11/53 hp.
You regained 5 mp, and now have 8/9 mp.
Unknown command.
Unknown command.
You tentacle-slap the orc warrior but do no damage.
You squeeze the orc warrior.
You feel less invigorated.
You feel less confused.
The orc warrior hits you with a +0 scimitar!
* * * LOW HITPOINT WARNING * * *
😱 HP[-5] MP[-5]
You take 5 damage, and now have 6/53 hp.
You lost 5 mp, and now have 3/9 mp.
Unknown command.
Unknown command.
Okay, then.
Unknown command.
You feel better.
The orc warrior hits you with a +0 scimitar!!
You die...

Skill      XL: |  1  2  3  4  5  6  7  8 |
---------------+-------------------------+-----
Stealth        | 1 2 3 4 5 6 9 13 | 13.0
Unarmed Combat | 4 5 6 |  6.6
Fighting       | |  1.0
Dodging        | |  2.0
Shapeshifting  | |  3.0

Action                     |  1- 3 |  4- 6 |  7- 9 || total
---------------------------+-------+-------+-------++-------
  Melee: Unarmed           |    74 |    80 |   102 ||   256
         Constrict         |    21 |    27 |    16 ||    64
         Tentacles         |    11 |    22 |    17 ||    50
         Punch             |     2 |     4 |     1 ||     7
 Invoke: Curse Item        |       |     1 |       ||     1
  Evoke: Wand              |       |     3 |     9 ||    12
    Use: Scroll            |       |    11 |     2 ||    13
         Potion            |       |       |     4 ||     4
   Stab: Sleeping          |     7 |    10 |     7 ||    24
 Armour: Skin              |    24 |    30 |    78 ||   132
  Dodge: Dodged            |    42 |    55 |    48 ||   145

Levels and vault maps discovered:
D:1:      eino_arrival_water_star, layout_basic, minmay_octomino_c4
D:2:      layout_basic, kennysheep_generic_room_9
D:3:      layout_loops_corners, overflow_temple_1_default, ashenzari_altar_1,
          nicolae_nh_oracle_at_delphi
D:4:      layout_basic, minmay_temple_entry_enclosed_plants, serial_shops,
          nicolae_shop_just_a_little_nook
D:5:      layout_basic, ebering_ghost_inner_flame
D:6:      layout_layer_cave, overflow_temple_1_default,
          nicolae_gozag_seed_capital, minmay_small_thing, uniq_blork_the_orc,
          uniq_jeremiah

Notes
Turn   | Place    | Note
-------+----------+-------------------------------------------
     0 | D:1      | ytrimaz the Octopode Shapeshifter began the quest for the
                  | Orb.
     0 | D:1      | Reached XP level 1. HP: 13/13 MP: 1/1
     0 | D:1      | magus.rc [v1.9.6]
    63 | D:1      | Reached skill level 1 in Stealth
    94 | D:1      | Reached XP level 2. HP: 17/18 MP: 2/2
   144 | D:1      | Reached skill level 2 in Stealth
   428 | D:1      | Reached XP level 3. HP: 18/23 MP: 3/3
   770 | D:2      | Reached skill level 3 in Stealth
  1084 | D:2      | Reached skill level 4 in Unarmed Combat
  1084 | D:2      | Reached XP level 4. HP: 17/28 MP: 4/4
  1682 | D:3      | Found a broken altar of Ashenzari.
  1750 | D:3      | Became a worshipper of Ashenzari the Shackled
  1770 | D:3      | Found The Oracle's Delphic Readings.
  1774 | D:3      | Reached skill level 4 in Stealth
  2199 | D:3      | Found a radiant altar of Vehumet.
  2260 | D:3      | Reached XP level 5. HP: 25/33 MP: 5/5
  2588 | D:3      | Reached skill level 5 in Stealth
  2705 | D:4      | Found Sokentosh's Magic Scroll Shop.
  2732 | D:4      | Bought a scroll of identify for 28 gold pieces
  2732 | D:4      | Bought a scroll of identify for 28 gold pieces
  2732 | D:4      | Bought a scroll of identify for 28 gold pieces
  2857 | D:4      | Found a staircase to the Ecumenical Temple.
  2933 | D:4      | Reached skill level 5 in Unarmed Combat
  2933 | D:4      | Reached XP level 6. HP: 38/38 MP: 6/6
  3073 | D:5      | Entered Level 5 of the Dungeon
  3133 | D:5      | Reached skill level 6 in Stealth
  3148 | D:5      | Reached XP level 7. HP: 31/43 MP: 4/7
  3157 | D:5      | Reached skill level 7 in Stealth
  3183 | D:5      | Reached skill level 6 in Unarmed Combat
  3477 | D:5      | Found a runed translucent door.
  3478 | D:5      | Noticed bahustanut's ghost (novice OpSh)
  3485 | D:5      | You pick up a book of Dangerous Friends and begin
                  | reading...
  3485 | D:5      | You add the spells Summon Guardian Golem, Orb of
                  | Destruction and Spellforged Servitor to your library.
  3941 | D:6      | Found a shimmering altar of Xom.
  3948 | D:6      | Noticed Blork the orc
  3956 | D:6      | Killed Blork the orc
  3957 | D:6      | Reached skill level 8 in Stealth
  4170 | D:6      | Reached skill level 9 in Stealth
  4170 | D:6      | Reached XP level 8. HP: 37/48 MP: 3/8
  4359 | D:6      | Noticed Jeremiah
  4366 | D:6      | Killed Jeremiah
  4367 | D:6      | Reached skill level 11 in Stealth
  4420 | D:6      | Identified the +5 morningstar "Fuosutov" {spect, Fly rCorr}
  4582 | D:6      | Reached skill level 12 in Stealth
  4713 | D:6      | Identified the +1 cloak of Farfalle {rPois rF+ Dex+5}
  4939 | D:6      | Reached skill level 13 in Stealth
  4939 | D:6      | Reached XP level 9. HP: 52/53 MP: 9/9
  5021 | D:6      | HP: 13/53 [orc warrior/+0 scimitar (4)]
  5026 | D:6      | HP: 9/53 [orc warrior/+0 scimitar (12)]
  5030 | D:6      | Mangled by an orc warrior

Vanquished Creatures
  Jeremiah (D:6)
  A water moccasin (D:5)
  2 ogres
  Blork the orc (D:6)
  A bullfrog (D:6)
  2 scorpions
  A gnoll sergeant (D:6)
  4 wights (D:6)
  2 howler monkeys
  A jelly (D:6)
  An orc priest (D:5)
  5 hounds
  An iguana (D:3)
  An orc wizard (D:5)
  7 gnolls
  7 adders
  A white imp (D:5)
  2 dart slugs
  11 orcs
  4 bats
  6 endoplasms
  8 giant cockroaches
  6 goblins
  4 hobgoblins
  6 jackals
  10 kobolds
  5 quokkas
  4 ball pythons
  A frilled lizard (D:1)
  9 rats
115 creatures vanquished.

Table legend:
 A = Non-vault XP
 B = Vault XP
 C = Vault XP percentage of total XP
 D = Non-vault monster count
 E = Vault monster count
 F = Vault count percentage of total count
                 A         B        C        D         E       F
            +---------+---------+-------+---------+---------+-------
      Total |    1837 |     532 |  22.5 |     102 |      13 |  11.3
            +---------+---------+-------+---------+---------+-------
        D:1 |      35 |      16 |  31.4 |      20 |       8 |  28.6
        D:2 |      50 |      14 |  21.9 |      16 |       1 |   5.9
        D:3 |     111 |       3 |   2.6 |      15 |       2 |  11.8
        D:4 |     119 |       0 |   0.0 |      12 |       0 |   0.0
        D:5 |     565 |       0 |   0.0 |      18 |       0 |   0.0
        D:6 |     957 |     499 |  34.3 |      21 |       2 |   8.7
            +---------+---------+-------+---------+---------+-------

Skill      XL: |  1  2  3  4  5  6  7  8 |
---------------+-------------------------+-----
Stealth        | 1 2 3 4 5 6 9 13 | 13.0
Unarmed Combat | 4 5 6 |  6.6
Fighting       | |  1.0
Dodging        | |  2.0
Shapeshifting  | |  3.0

Action                     |  1- 3 |  4- 6 |  7- 9 || total
---------------------------+-------+-------+-------++-------
  Melee: Unarmed           |    74 |    80 |   102 ||   256
         Constrict         |    21 |    27 |    16 ||    64
         Tentacles         |    11 |    22 |    17 ||    50
         Punch             |     2 |     4 |     1 ||     7
 Invoke: Curse Item        |       |     1 |       ||     1
  Evoke: Wand              |       |     3 |     9 ||    12
    Use: Scroll            |       |    11 |     2 ||    13
         Potion            |       |       |     4 ||     4
   Stab: Sleeping          |     7 |    10 |     7 ||    24
 Armour: Skin              |    24 |    30 |    78 ||   132
  Dodge: Dodged            |    42 |    55 |    48 ||   145

Illustrated notes

Table legend:
 A = Kills in this place as a percentage of kills in the entire game.
 B = Kills by you in this place as a percentage of kills by you in the entire game.
 C = Kills by friends in this place as a percentage of kills by friends in the entire game.
 D = Other kills in this place as a percentage of other kills in the entire game.
 E = Experience gained in this place as a percentage of experience gained in the entire game.
 F = Experience gained in this place divided by the number of levels of this place that you have seen.
                   A       B       C       D       E      F
               +-------+-------+-------+-------+-------+----------------------
         Total | 100.0 | 100.0 |   N/A |   N/A | 100.0 | 394.8
       Dungeon | 100.0 | 100.0 |   N/A |   N/A | 100.0 | 394.8
               +-------+-------+-------+-------+-------+----------------------

Table legend: (Time is in decaauts)
 A = Elapsed time spent in this place.
 B = Non-inter-level travel time spent in this place.
 C = Inter-level travel time spent in this place.
 D = Time resting spent in this place.
 E = Time spent auto-exploring this place.
 F = Levels seen in this place.
 G = Mean time per level.
                   A        B        C        D        E       F      G
               +--------+--------+--------+--------+--------+-----+--------+
         Total |   5013 |   4901 |    112 |     21 |   4042 |   6 |  835.5 |
       Dungeon |   5013 |   4901 |    112 |     21 |   4042 |   6 |  835.5 |
               +--------+--------+--------+--------+--------+-----+--------+

Top non-repeatable levels by time:
     D:6: 1105 daAuts
     D:2: 1012 daAuts
     D:3: 933 daAuts
     D:5: 845 daAuts
     D:1: 663 daAuts
     D:4: 452 daAuts
